 Dungeon Crawl Stone Soup version 0.18.1-48-g4cf74bf (webtiles) character file.

662553 tself55 the Conqueror (level 27, -3/246 (249) HPs)
             Began as a Merfolk Berserker on June 28, 2016.
             Was the Champion of Trog.
             Slain by a vampire knight
             ... wielding a +0 great sword
              (6 damage)
             ... while paralysed by a vampire knight
             ... on level 3 of the Crypt.
             The game lasted 03:02:22 (59767 turns).

tself55 the Conqueror (Merfolk Berserker)          Turns: 59767, Time: 03:02:23

HP:   -3/246 (249)  AC: 21    Str: 19    XL:     27
MP:   26/30         EV:  2    Int: 15    God:    Trog [******]
Gold: 3221          SH:  0    Dex: 31    Spells: 0 memorised, 26 levels left

rFire  + . .     SeeInvis +     C - +9 bardiche (vamp)
rCold  . . .     Gourm    .     T - +4 troll leather armour
rNeg   + + +     Faith    .     (shield currently unavailable)
rPois  +         Spirit   .     W - +2 hat of Makhleb's Generosity {rN++ Regen+ rCorr Dex-4}
rElec  .         Dismiss  .     n - +1 cloak of Hangman {MP-9 Int+7 Slay+6}
rCorr  +         Reflect  +     P - +0 pair of gloves {Dex+3}
SustAt .         Harm     .     U - +3 pair of boots of Okawaru's Hatred {*Drain rF+ rN++ Dex+4}
MR     ++...                    O - +5 amulet of reflection
Stlth  ++........               a - ring of Sawol {rPois MP+9 SInv}
                                e - ring of Udupn {EV+4 Dex+5}

@: paralysed, very resistant to hostile enchantments, unstealthy
A: change form in water, swift swim, deterioration 1, low mp 1, MP-powered wands
a: Berserk, Trog's Hand, Brothers in Arms, Burn Spellbooks, Renounce Religion
}: 4/15 runes: decaying, serpentine, slimy, silver


You were on level 3 of the Crypt.
You worshipped Trog.
Trog was exalted by your worship.
You were hungry.

You visited 10 branches of the dungeon, and saw 55 of its levels.
You visited the Abyss 3 times.
You also visited: Trove, Sewer, Ice Cave, Volcano and Wizlab.

You collected 6182 gold pieces.
You spent 2961 gold pieces at shops.

Inventory:

Hand Weapons
 C - a +9 vampiric bardiche (weapon)
Missiles
 d - 15 steel javelins
 B - 8 silver javelins
 L - 25 javelins of penetration (quivered)
Armour
 n - the +1 cloak of Hangman (worn) {MP-9 Int+7 Slay+6}
   (You found it on level 5 of the Dungeon)

   It affects your intelligence (+7).
   It affects your accuracy and damage with ranged weapons and melee attacks
   (+6).
   It affects your magic capacity (-9).
 s - the +2 cloak of Paranoia {rC+ rN+ Int+2 Dex+2}
   (You found it on level 3 of the Depths)

   It affects your intelligence (+2).
   It affects your dexterity (+2).
   It protects you from cold.
   It protects you from negative energy.
 P - a +0 pair of gloves of dexterity (worn)
 T - a +4 troll leather armour (worn)
 U - the +3 pair of boots of Okawaru's Hatred (worn) {*Drain rF+ rN++ Dex+4}
   (You acquired it on level 3 of the Vaults)

   It affects your dexterity (+4).
   It protects you from fire.
   It greatly protects you from negative energy.
   It causes draining when unequipped.
 W - the +2 hat of Makhleb's Generosity (worn) {rN++ Regen+ rCorr Dex-4}
   (You bought it in a shop on level 1 of the Vaults)

   It affects your dexterity (-4).
   It greatly protects you from negative energy.
   It increases your rate of regeneration.
   It protects you from acid and corrosion.
Jewellery
 a - the ring of Sawol (right hand) {rPois MP+9 SInv}
   (You bought it in a shop on level 5 of the Vaults)

   [ring of magical power]

   It protects you from poison.
   It affects your magic capacity (+9).
   It lets you see invisible.
 e - the ring of Udupn (left hand) {EV+4 Dex+5}
   (You found it on level 10 of the Dungeon)

   [ring of evasion]

   It affects your evasion (+4).
   It affects your dexterity (+5).
 y - an uncursed ring of resist corrosion
 K - an uncursed ring of protection from cold
 O - a +5 amulet of reflection (around neck)
Wands
 q - a wand of heal wounds (5/9)
 F - a wand of teleportation (3/9)
 J - a wand of digging (11/24)
 M - a wand of teleportation (6/9)
 Q - a wand of heal wounds (7/9)
Scrolls
 h - 8 scrolls of fog
 i - 5 scrolls of recharging
 j - 2 scrolls of magic mapping
 k - 16 scrolls of remove curse
 r - 3 scrolls of enchant armour
 v - 4 scrolls of blinking
 x - 4 scrolls of holy word
 G - 19 scrolls of teleportation
 H - 8 scrolls of summoning
 I - 6 scrolls of identify
 R - 2 scrolls of silence
 S - 7 scrolls of fear
 X - 3 scrolls of enchant weapon
Potions
 b - 7 potions of cancellation
 g - 7 potions of might
 l - 11 potions of curing
 o - 8 potions of brilliance
 p - 5 potions of haste
 u - 9 potions of heal wounds
 w - 15 potions of flight
 z - 6 potions of invisibility
 A - 4 potions of agility
 E - 3 potions of cure mutation
 V - 5 potions of magic
 Y - a potion of resistance
Books
 N - a book of Flames

   Spells                             Type                      Level
   a - Flame Tongue                   Conjuration/Fire             1
   b - Throw Flame                    Conjuration/Fire             2
   c - Conjure Flame                  Conjuration/Fire             3
   d - Inner Flame                    Hexes/Fire                   3
   e - Sticky Flame                   Conjuration/Fire             4
   f - Fireball                       Conjuration/Fire             5
   Trog disapproves of the use of such an item.
Comestibles
 c - 20 bread rations
 f - 25 meat rations
 m - 2 beef jerkies
 t - 50 fruits
 D - 7 royal jellies


   Skills:
 O Level 27 Fighting
 - Level 26.0 Polearms
 - Level 18.2 Throwing
 * Level 14.0 Armour
 - Level 26.3 Dodging
 + Level 14.3 Evocations


You had 26 spell levels left.
You didn't know any spells.

Dungeon Overview and Level Annotations

Branches:
Dungeon (15/15)            Temple (0/1) D:4            Lair (8/8) D:9
  Swamp (4/4) Lair:6        Snake (4/4) Lair:4        Slime (6/6) Lair:8
    Orc (2/2) D:12            Elf (3/3) Orc:2        Vaults (5/5) D:14
  Crypt (3/3) Vaults:2       Tomb (0/3) Crypt:3      Depths (5/5) D:15
    Zot (0/5) Depths:5

Altars:
Ashenzari
Cheibriados
Gozag
Nemelex Xobeh
Okawaru
Pakellas
Ru
Sif Muna
Vehumet
Yredelemnul
The Shining One
Beogh

Shops:
Orc:2 !:*(   Snake:1 %   Snake:3 *   Snake:4 [   Vaults:1 [   Vaults:3 !
Vaults:5 *}*=   Depths:4 *

Portals:
Hell: Depths:1 Depths:2 Depths:3 Depths:4 Depths:5
Abyss: Depths:4
Pandemonium: Orc:2 Depths:3 Depths:4
Ziggurat: Depths:5

Annotations:
Elf:3 exclusion: door
Depths:4 exclusion: orange crystal statue


Innate Abilities, Weirdness & Mutations

You revert to your normal form in water.
You are very nimble and swift while swimming.
Your body sometimes deteriorates upon taking damage.
Your magical capacity is low (-10% MP).
You expend magic power (3 MP) to strengthen your wands.


Message History

The vampire knight bites you but does no damage.
The vampire knight hits you from afar with a glaive!!
The vampire knight gestures wildly while chanting.
The vampire knight flickers and vanishes for a moment.
The vampire knight hits you but does no damage.
The vampire knight bites you.
* * * LOW HITPOINT WARNING * * *
The vampire knight hits you with a great sword!!
* * * LOW HITPOINT WARNING * * *
The vampire knight bites you but does no damage.
The skeletal warrior hits you from afar with an antimagic trident.
* * * LOW HITPOINT WARNING * * *
You feel your power leaking away.
The vampire knight hits you from afar with a glaive!!
* * * LOW HITPOINT WARNING * * *
The vampire knight hits you with a war axe!!
* * * LOW HITPOINT WARNING * * *
The vampire knight bites you but does no damage.
The vampire knight hits you with a great sword.
You die...

+.............' #..#.......#V.#
+.............+ #..#..z....#..#
+...W.V*......+ #########
#....#...#....# ........### #..⌠
#§V.##⌠..# ..........#
######zW.###### ..........#
#.WV@VVV......# ..........#
#..#########..# .<.........
#^............#
............######.#.###########
'##...............[.............
..#.............................
..#..##############.............
..#..# #............. ..#..#
#.....########


You could see 5 vampire knights, a skeletal warrior and 2 phantasmal warriors.

Vanquished Creatures
  the Royal Jelly (Slime:6)
  Dissolution (Slime:3)
  2 ancient liches (Vaults:5)
  Sojobo (Depths:5)
  Margery (Depths:3)
  the Lernaean hydra (Swamp:4)
  A shard shrike (shapeshifter) (Depths:3)
  Saint Roka (Snake:4)
  A profane servitor (Abyss:5)
  4 golden dragons
  Nikola (Swamp:1)
  A mutant beast (WizLab)
  An iron giant (Depths:5)
  the Enchantress (Depths:4)
  Xtahua (Depths:5)
  2 tentacled monstrosities
  Rupert (D:12)
  6 titans
  A deep elf blademaster (Elf:2)
  2 liches
  2 ancient champions
  2 Executioners
  23 acid blobs
  A sphinx (shapeshifter) (Depths:3)
  7 sphinxes
  4 tentacled starspawn
  Frances (D:12)
  2 storm dragons
  2 thorn hunters
  5 shadow dragons
  8 tengu reavers
  A storm dragon (shapeshifter) (Depths:3)
  Agnes (Snake:4)
  12 greater nagas
  A shadow dragon (shapeshifter) (Depths:3)
  8 fire giants
  A fire giant (shapeshifter) (Depths:3)
  8 frost giants
  2 azure jellies
  3 revenants
  A draconian knight (Depths:5)
  A frost giant (shapeshifter) (Depths:3)
  Wiglaf (Crypt:3)
  Louise (D:15)
  6 deep elf sorcerers
  14 vault wardens
  Maud (Orc:1)
  3 iron dragons
  6 ghouls
  2 orc warlords (Vaults:4)
  5 spriggan defenders
  A draconian zealot (Depths:5)
  6 war gargoyles
  A stone giant (shapeshifter) (Depths:3)
  19 stone giants
  35 very ugly things
  14 ironheart preservers
  9 vampire knights
  3 deep elf demonologists
  A lorocyproca (Abyss:2)
  Azrael (Orc:2)
  9 starcursed masses
  A green draconian (Depths:5)
  Nessos (Orc:2)
  2 deep elf annihilators
  2 purple draconians (Depths:5)
  2 red draconians (Depths:5)
  A white draconian (Depths:5)
  3 spark wasps
  4 eidola
  Snorg (Orc:2)
  A mottled draconian (Depths:5)
  15 ettins
  A green death (Depths:4)
  13 fire dragons
  39 vault guards
  11 crystal guardians
  A minotaur (shapeshifter) (Depths:3)
  A mummy priest (Crypt:3)
  11 jiangshi
  3 death oozes
  19 yaktaur captains
  6 deep elf death magi
  Erolcha (D:9)
  4 rakshasas
  7 deep elf high priests
  16 hydras
  14 great orbs of eyes
  4 entropy weavers
  17 naga warriors
  The ghost of smeego the Grappler, a novice TrMo of Ru (D:10)
  2 ghost crabs (Swamp:4)
  A catoblepas (Lair:8)
  9 ice dragons
  9 centaur warriors
  2 spriggan air magi
  12 anacondas
  15 ogre magi
  An anaconda (shapeshifter) (WizLab)
  Erica (D:9)
  A queen ant (Lair:7)
  10 deep troll shamans
  3 alligators
  21 death yaks
  42 dancing weapons
  3 tengu warriors
  A queen ant (shapeshifter) (Depths:3)
  8 shock serpents
  5 spriggan berserkers
  3 thrashing horrors
  7 vampire magi
  11 naga sharpshooters
  13 deep troll earth magi
  Urug (D:11)
  3 sun demons
  3 soul eaters
  7 spriggans
  A shock serpent (shapeshifter) (Vaults:5)
  17 deep elf knights
  8 orc high priests
  An iron golem (WizLab)
  2 shadow wraiths
  A fire crab (Vaults:2)
  2 wretched stars (Abyss:2)
  4 salamander mystics
  20 skeletal warriors
  7 hell knights
  4 iron trolls
  An unseen horror (D:13)
  2 spatial maelstroms (Abyss:2)
  2 sea snakes (shapeshifter) (Depths:3)
  A spark wasp zombie (Depths:2)
  A golden dragon zombie (Crypt:1)
  33 deep trolls
  An infernal demonspawn (Depths:4)
  2 obsidian statues (Depths:3)
  17 naga ritualists
  17 deep elf archers
  7 giant orange brains
  An orange crystal statue (Depths:3)
  12 flayed ghosts
  A torturous demonspawn (Orc:2)
  17 ironbrand convokers
  4 lindwurms
  3 shambling mangroves
  8 swamp dragons
  An anubis guard (shapeshifter) (Vaults:4)
  13 phantasmal warriors
  A shadow dragon zombie (Crypt:3)
  A gelid demonspawn (Orc:2)
  8 hill giants
  2 spriggan druids (Swamp:3)
  8 necromancers
  2 orb spiders (shapeshifter)
  19 mana vipers
  2 wizards (D:14)
  A mana viper (shapeshifter) (WizLab)
  A glowing shapeshifter (Depths:3)
  5 griffons
  22 orc knights
  5 hornets
  12 shining eyes
  39 ugly things
  A hornet (shapeshifter) (WizLab)
  3 manticores
  A shining eye (shapeshifter) (WizLab)
  7 orc sorcerers
  8 cyclopes
  5 wolf spiders
  43 deep elf magi
  4 salamanders (shapeshifter)
  9 salamanders
  An octopode (shapeshifter) (WizLab)
  2 sixfirhies
  2 moths of wrath (shapeshifter)
  2 ice statues (IceCv)
  47 black mambas
  16 vault sentinels
  2 centaur zombies
  A dire elephant zombie (Crypt:2)
  3 smoke demons
  18 elephants
  A rust devil (Abyss:2)
  Maurice (D:9)
  3 eyes of devastation
  4 guardian serpents
  An orange demon (Abyss:2)
  3 spiny frogs (shapeshifter)
  Psyche (D:8)
  12 naga magi
  3 gargoyles
  A storm dragon simulacrum (Crypt:3)
  A yaktaur (shapeshifter) (WizLab)
  4 kobold demonologists
  21 spiny frogs
  A torpor snail (Lair:7)
  A shock serpent skeleton (Abyss:4)
  2 elf zombies
  2 molten gargoyles (Depths:3)
  A purple draconian zombie (Crypt:3)
  19 large abominations
  3 rime drakes
  A rime drake (shapeshifter) (Depths:3)
  51 yaktaurs
  An alligator snapping turtle skeleton (Crypt:1)
  3 komodo dragons
  A komodo dragon (shapeshifter) (WizLab)
  3 ice devils
  3 efreet
  2 yaktaur skeletons (Depths:1)
  A tengu conjurer (Depths:4)
  10 freezing wraiths
  A hellwing (Abyss:2)
  A red devil (Orc:2)
  A white draconian skeleton (Crypt:3)
  A troll (shapeshifter) (WizLab)
  6 guardian mummies (Crypt:3)
  5 ancient zymes (Abyss:2)
  2 wind drakes (shapeshifter)
  8 trolls
  A queen bee (D:9)
  A queen bee (shapeshifter) (WizLab)
  2 jumping spiders (shapeshifter)
  A jumping spider (Vaults:4)
  An iron troll skeleton (Crypt:2)
  12 wind drakes
  25 two-headed ogres
  5 raiju
  A giant leech (shapeshifter) (Depths:3)
  10 giant leeches
  A two-headed ogre (shapeshifter) (WizLab)
  2 raiju (shapeshifter) (WizLab)
  17 bog bodies
  A merfolk (shapeshifter) (Vaults:5)
  11 blink frogs
  A fire dragon zombie (Depths:1)
  A snapping turtle (shapeshifter) (WizLab)
  2 boulder beetles
  90 slime creatures
  2 blink frogs (shapeshifter) (WizLab)
  13 flying skulls
  A shadow (Swamp:4)
  A spriggan skeleton (Depths:1)
  A vampire (D:9)
  A ynoxinul (Abyss:2)
  A tarantella (Vaults:4)
  4 spriggans (shapeshifter)
  A tarantella (shapeshifter) (Vaults:5)
  16 air elementals
  A fire dragon skeleton (Crypt:3)
  A yak (shapeshifter) (WizLab)
  7 water elementals
  3 centaur simulacra
  2 ice dragon skeletons (Depths:1)
  Sigmund (D:3)
  2 griffon skeletons
  40 yaks
  A human (shapeshifter) (WizLab)
  7 wraiths
  5 wyverns
  11 hippogriffs
  15 redbacks
  14 fire elementals
  A hungry ghost (D:12)
  9 fire bats (Volcano)
  A steam dragon (D:14)
  A chaos spawn (Abyss:5)
  A steam dragon (shapeshifter) (Depths:3)
  A basilisk (shapeshifter) (WizLab)
  10 golden eyes
  20 vampire mosquitoes
  3 neqoxecs
  A yaktaur simulacrum (Depths:1)
  3 mottled dragons
  A hippogriff (shapeshifter) (Depths:2)
  A wind drake skeleton (Crypt:1)
  A glowing shapeshifter zombie (Crypt:1)
  Menkaure (D:5)
  A soldier ant (shapeshifter) (WizLab)
  2 spatial vortices (Abyss:2)
  34 insubstantial wisps
  30 swamp worms
  4 hell hounds
  A monstrous demonspawn zombie (Crypt:1)
  6 soldier ants
  55 nagas
  7 wargs
  A water moccasin (shapeshifter) (Depths:5)
  17 water moccasins
  A giant eyeball (shapeshifter) (Vaults:3)
  13 porcupines
  Duvessa (D:7)
  A torturous demonspawn skeleton (Crypt:2)
  10 swamp drakes
  Purgy (Sewer)
  2 giant eyeballs (WizLab)
  17 ice beasts
  An ice beast (shapeshifter) (Depths:2)
  A putrid demonspawn skeleton (Crypt:1)
  2 sky beasts
  A phantom (D:4)
  58 orc warriors
  11 wasps
  An elephant zombie (Crypt:1)
  A blink frog zombie (Crypt:2)
  3 black bears
  A black bear (shapeshifter) (Depths:4)
  A snapping turtle zombie (Crypt:3)
  4 necrophages
  A tengu (shapeshifter) (Depths:3)
  An ogre (shapeshifter) (Depths:3)
  13 wolves
  A wasp (shapeshifter) (WizLab)
  9 boggarts
  8 eyes of draining
  56 ogres
  An elephant skeleton (Crypt:3)
  A snapping turtle skeleton (Crypt:3)
  28 centaurs
  4 big kobolds (D:14)
  20 crocodiles
  22 giant frogs
  12 earth elementals
  A water moccasin zombie (D:6)
  A gnoll sergeant (D:6)
  8 scorpions
  A wyvern skeleton (D:13)
  Dowan (D:7)
  14 killer bees (D:9)
  A human simulacrum (Vaults:2)
  12 wights
  5 howler monkeys
  2 electric eels
  A vampire bat (D:11)
  A lava snake (Snake:4)
  6 crimson imps
  2 giant frog zombies
  A quasit (Abyss:2)
  12 small abominations
  A jelly (shapeshifter) (WizLab)
  27 jellies
  32 orc priests
  A wasp zombie (D:9)
  8 centaur skeletons
  Crazy Yiuf (D:3)
  2 hounds (D:9)
  5 giant frog skeletons
  An iron imp (Depths:1)
  13 iguanas
  Ijyb (D:3)
  24 orc wizards
  Natasha (thrice) (D:2)
  13 worker ants
  8 sheep
  A big kobold skeleton (Crypt:2)
  A hound skeleton (D:4)
  A worker ant zombie (D:6)
  6 gnolls
  14 adders
  74 river rats
  2 shadow imps
  2 oozes
  A worm zombie (Crypt:2)
  5 adder zombies
  An adder skeleton (Crypt:2)
  4 worms
  4 ball lightnings
  5 dart slugs
  A giant gecko (D:4)
  107 orcs
  A ball python (D:2)
  14 bats
  A bat skeleton (Crypt:2)
  9 giant cockroaches
  3 goblins
  6 hobgoblins
  15 jackals
  4 quokkas
  A giant gecko zombie (Crypt:1)
  10 giant newts
  A giant newt zombie (Crypt:3)
  7 kobolds
  An orc skeleton (Crypt:2)
  2 quokka skeletons
  6 rats
  A crawling corpse (Elf:3)
  3 fungi
  A lost soul (Crypt:1)
  A lurking horror (Abyss:2)
  A plant (Lair:8)
  5 starspawn tentacles
2749 creatures vanquished.

Vanquished Creatures (collateral kills)
  An acid blob (Slime:6)
  2 stone giants
  4 death oozes (Slime:6)
  A vault guard (Vaults:2)
  4 hydras
  A yaktaur captain (Vaults:2)
  A death knight (Vaults:3)
  A centaur warrior (Vaults:2)
  An ogre mage (Vaults:3)
  A naga sharpshooter (Snake:4)
  A lindwurm (shapeshifter) (Vaults:5)
  2 orc knights
  An ugly thing (Vaults:2)
  2 deep elf magi
  An orc sorcerer (Orc:2)
  A black mamba (Snake:4)
  2 naga magi (Snake:4)
  A polar bear (Lair:6)
  2 spriggans (Swamp:2)
  A wraith (Vaults:3)
  A human (shapeshifter) (Depths:5)
  2 vampire mosquitoes (Swamp:2)
  5 nagas (Snake:4)
  An orc warrior (Snake:4)
  A swamp drake (Swamp:2)
  A wasp (Swamp:2)
  3 ogres (Vaults:3)
  A centaur (Vaults:3)
  A crocodile (Lair:6)
  3 jellies (Lair:8)
  2 orcs (Snake:4)
52 creatures vanquished.

Vanquished Creatures (others)
  A stone giant (Depths:4)
  An ettin (Depths:2)
  2 yaktaur captains (Vaults:5)
  A vampire mage (Depths:2)
  A soul eater (Depths:4)
  A deep elf knight (Elf:2)
  A shadow wraith (Vaults:5)
  An unseen horror (D:15)
  An ironbrand convoker (Vaults:5)
  A tengu skeleton (Depths:2)
  A deep elf mage (Elf:3)
  6 yaktaurs
  2 two-headed ogres (Vaults:5)
  A golden eye (shapeshifter) (WizLab)
  2 giant eyeballs (WizLab)
  An eye of draining (shapeshifter) (WizLab)
  An ogre (Vaults:4)
  20 ball lightnings
  An orc (Vaults:4)
  2 bushes
  20 fungi
  3 lost souls
  24 plants
  8 starspawn tentacles
  170 starspawn tentacle segments
273 creatures vanquished.

Grand Total: 3074 creatures vanquished

Notes
Turn   | Place    | Note
--------------------------------------------------------------
     0 | D:1      | tself55 the Merfolk Berserker began the quest for the Orb.
     0 | D:1      | Reached XP level 1. HP: 18/18 MP: 1/1
    36 | D:1      | Reached skill level 5 in Polearms
    36 | D:1      | Reached XP level 2. HP: 24/24 MP: 2/2
   217 | D:1      | Reached ** piety under Trog
   217 | D:1      | Reached XP level 3. HP: 22/29 MP: 3/3
  1041 | D:2      | Reached XP level 4. HP: 35/35 MP: 4/4
  1091 | D:2      | Noticed Natasha
  1098 | D:2      | Killed Natasha
  1118 | D:2      | Noticed Natasha
  1127 | D:2      | Killed Natasha
  1491 | D:2      | Noticed Natasha
  1500 | D:2      | HP: 2/52 [ball python (1)]
  1505 | D:2      | Killed Natasha
  1505 | D:2      | Reached XP level 5. HP: 22/41 MP: 5/5
  1984 | D:3      | Noticed Ijyb
  1998 | D:3      | Killed Ijyb
  2108 | D:3      | Noticed Crazy Yiuf
  2115 | D:3      | Killed Crazy Yiuf
  2401 | D:3      | Found a shattered altar of Ashenzari.
  2440 | D:3      | Noticed Sigmund
  2456 | D:3      | Killed Sigmund
  2456 | D:3      | Reached skill level 10 in Polearms
  2456 | D:3      | Reached XP level 6. HP: 47/47 MP: 6/6
  2730 | D:3      | Found a glowing golden altar of the Shining One.
  2730 | D:3      | Found a basalt altar of Yredelemnul.
  2731 | D:3      | Found a radiant altar of Vehumet.
  3160 | D:4      | Found a staircase to the Ecumenical Temple.
  3175 | D:4      | Reached XP level 7. HP: 38/52 MP: 7/7
  3329 | D:4      | Found a sparkling altar of Nemelex Xobeh.
  3641 | D:4      | Reached *** piety under Trog
  3981 | D:4      | Reached XP level 8. HP: 58/58 MP: 8/8
  4451 | D:5      | Entered Level 5 of the Dungeon
  4525 | D:5      | Got a scorched cloak
  4532 | D:5      | Found a deep blue altar of Sif Muna.
  4578 | D:5      | Identified Sif Muna's Collected Works on Shape Shifting
  4704 | D:5      | Noticed Menkaure
  4711 | D:5      | Killed Menkaure
  4899 | D:5      | Found an iron altar of Okawaru.
  5670 | D:5      | Reached skill level 15 in Polearms
  5743 | D:6      | Found a glowing drain.
  5776 | D:6      | Reached XP level 9. HP: 30/64 MP: 9/9
  5830 | D:6      | Reached **** piety under Trog
  5848 | Sewer    | Entered a sewer
  6080 | Sewer    | Noticed Purgy
  6139 | Sewer    | Killed Purgy
  6982 | D:6      | Identified the +1 cloak of Hangman {MP-9 Int+7 Slay+6} (You found it on level 5 of the Dungeon)
  7357 | D:7      | Noticed Dowan
  7358 | D:7      | Noticed Duvessa
  7365 | D:7      | Killed Dowan
  7370 | D:7      | Killed Duvessa
  7717 | D:7      | Reached skill level 4 in Fighting
  7759 | D:7      | Reached skill level 1 in Throwing
  7843 | D:7      | Received a gift from Trog
  7894 | D:8      | Reached skill level 5 in Dodging
  7979 | D:8      | Noticed Psyche
  7986 | D:8      | Killed Psyche
  7986 | D:8      | Reached skill level 5 in Fighting
  7986 | D:8      | Reached XP level 10. HP: 74/74 MP: 1/10
  8020 | D:8      | Found a snail-covered altar of Cheibriados.
  8021 | D:8      | Found a shattered altar of Ashenzari.
  8451 | D:9      | Noticed Erolcha
  8461 | D:9      | Killed Erolcha
  8481 | D:9      | Found a staircase to the Lair.
  8568 | D:9      | Noticed Maurice
  8590 | D:9      | Killed Maurice
  8862 | D:9      | Reached skill level 6 in Fighting
  8891 | D:9      | Reached ***** piety under Trog
  9239 | D:9      | Noticed Erica
  9244 | D:9      | Killed Erica
  9330 | D:9      | Reached skill level 10 in Dodging
  9334 | D:9      | Reached skill level 5 in Throwing
  9351 | D:9      | Reached XP level 11. HP: 72/83 MP: 11/11
  9400 | D:9      | Reached skill level 7 in Fighting
  9489 | D:10     | Entered Level 10 of the Dungeon
  9494 | D:10     | Received a gift from Trog
  9523 | D:10     | Noticed smeego's ghost (novice TrMo)
  9533 | D:10     | Killed smeego's ghost
  9539 | D:10     | Got a scintillating granite ring
  9726 | D:10     | Noticed a hill giant
  9732 | D:10     | Killed a hill giant
  9732 | D:10     | Reached skill level 8 in Fighting
 10218 | D:11     | Noticed Urug
 10227 | D:11     | Killed Urug
 10227 | D:11     | Reached skill level 9 in Fighting
 10248 | D:11     | Noticed a brown ugly thing
 10254 | D:11     | Killed a brown ugly thing
 11074 | D:9      | Received a gift from Trog
 11173 | Lair:1   | Entered Level 1 of the Lair of Beasts
 11242 | Lair:1   | Found a frozen archway.
 11245 | Lair:1   | Reached skill level 10 in Fighting
 11282 | Lair:1   | Identified the ring of Udupn {EV+4 Dex+5} (You found it on level 10 of the Dungeon)
 11358 | IceCv    | Entered an ice cave
 11569 | IceCv    | Reached XP level 12. HP: 46/99 MP: 1/12
 11844 | Lair:1   | Reached skill level 11 in Fighting
 12567 | Lair:1   | Noticed a seven-headed hydra
 12569 | Lair:1   | Reached skill level 12 in Fighting
 12578 | Lair:1   | Killed a 15-headed hydra
 13419 | Lair:2   | Received a gift from Trog
 14199 | Lair:3   | Noticed an eight-headed hydra
 14203 | Lair:3   | Killed a nine-headed hydra
 15285 | Lair:4   | Reached XP level 13. HP: 109/109 MP: 1/13
 15352 | Lair:4   | Received a gift from Trog
 15689 | Lair:4   | Found a staircase to the Snake Pit.
 17012 | Lair:6   | Received a gift from Trog
 17110 | Lair:6   | Found a staircase to the Swamp.
 17789 | Lair:7   | Received a gift from Trog
 18119 | Lair:7   | Reached XP level 14. HP: 116/116 MP: 1/14
 18804 | Lair:7   | Gained mutation: You are partially covered in large bone plates (AC +2, SH +2). [potion of beneficial mutation]
 18859 | Lair:8   | Entered Level 8 of the Lair of Beasts
 18868 | Lair:8   | Received a gift from Trog
 19002 | Lair:8   | Received a gift from Trog
 19064 | Lair:8   | Found a staircase to the Slime Pits.
 19072 | Lair:8   | Received a gift from Trog
 19171 | Lair:8   | Identified Haczeton's Reference Book on Helpful Sinister Rites
 20051 | Lair:8   | Reached XP level 15. HP: 122/122 MP: 2/15
 20507 | D:12     | Noticed Frances
 20517 | D:12     | Killed Frances
 20572 | D:12     | Noticed Rupert
 20580 | D:12     | Killed Rupert
 20725 | D:12     | Found a staircase to the Orcish Mines.
 20843 | D:12     | Received a gift from Trog
 21007 | D:12     | Found a roughly hewn altar of Beogh.
 21020 | D:12     | Received a gift from Trog
 21193 | D:13     | Found an oddly glowing altar of Pakellas.
 21350 | D:13     | Reached skill level 13 in Fighting
 21512 | D:13     | Reached ****** piety under Trog
 21532 | D:13     | Received a gift from Trog
 22057 | D:14     | Reached skill level 15 in Dodging
 22137 | D:14     | Found a sacrificial altar of Ru.
 22164 | D:14     | Received a gift from Trog
 22734 | D:14     | Reached skill level 14 in Fighting
 22752 | D:14     | Received a gift from Trog
 22823 | D:14     | Found a gate to the Vaults.
 22916 | D:15     | Entered Level 15 of the Dungeon
 22976 | D:15     | Received a gift from Trog
 23172 | D:15     | Reached XP level 16. HP: 134/134 MP: 0/16
 23296 | D:15     | Found an opulent altar of Gozag.
 23375 | D:15     | Reached skill level 15 in Fighting
 23464 | D:15     | Found a staircase to the Depths.
 23676 | D:15     | Noticed Louise
 23685 | D:15     | Killed Louise
 24076 | Orc:1    | Entered Level 1 of the Orcish Mines
 24188 | Orc:1    | Noticed Maud
 24198 | Orc:1    | Killed Maud
 24317 | Orc:2    | Entered Level 2 of the Orcish Mines
 24380 | Orc:2    | Found a staircase to the Elven Halls.
 24486 | Orc:2    | Noticed Nessos
 24498 | Orc:2    | Killed Nessos
 24555 | Orc:2    | Found a dark tunnel.
 24562 | Volcano  | Entered a volcano
 24577 | Volcano  | Received a gift from Trog
 24761 | Orc:2    | Noticed Azrael
 24778 | Orc:2    | Killed Azrael
 24786 | Orc:2    | Noticed Snorg
 24793 | Orc:2    | Killed Snorg
 25039 | Orc:2    | Found Xasanoklis's Distillery.
 25052 | Orc:2    | Received a gift from Trog
 25063 | Orc:2    | Reached skill level 16 in Fighting
 25094 | Orc:2    | Found Unej's General Store.
 25408 | Orc:2    | Found Liatwine's Antique Weapon Shop.
 25408 | Orc:2    | Found Saulukoe's Book Boutique.
 25408 | Orc:2    | Found a one-way gate leading to the halls of Pandemonium.
 26266 | Swamp:1  | Entered Level 1 of the Swamp
 26309 | Swamp:1  | Noticed Nikola
 26328 | Swamp:1  | Killed Nikola
 26489 | Swamp:1  | Received a gift from Trog
 26770 | Swamp:1  | Reached skill level 17 in Fighting
 27204 | Swamp:2  | Reached XP level 17. HP: 91/147 MP: 8/17
 28382 | Swamp:4  | Entered Level 4 of the Swamp
 28613 | Swamp:4  | Received a gift from Trog
 29091 | Swamp:4  | Noticed the 27-headed Lernaean hydra
 30221 | Swamp:4  | Reached skill level 10 in Throwing
 30265 | Swamp:4  | Killed the 23-headed Lernaean hydra
 30306 | Swamp:4  | Got a decaying rune of Zot
 31211 | Vaults:1 | Entered Level 1 of the Vaults
 31236 | Vaults:1 | Found Fiukhloam's Armour Shop.
 31403 | Vaults:1 | Bought the +2 hat of Makhleb's Generosity {rN++ Regen+ rCorr Dex-4} for 401 gold pieces
 31445 | Vaults:1 | Reached XP level 18. HP: 139/155 MP: 9/18
 31476 | Vaults:1 | Received a gift from Trog
 32112 | Vaults:1 | Received a gift from Trog
 32277 | Vaults:1 | Received a gift from Trog
 33357 | Vaults:2 | Received a gift from Trog
 33432 | Vaults:2 | Reached XP level 19. HP: 135/161 MP: 10/19
 33700 | Vaults:2 | Received a gift from Trog
 33842 | Vaults:2 | Found a staircase to the Crypt.
 33892 | Vaults:2 | Received a gift from Trog
 34241 | Vaults:3 | Reached skill level 15 in Throwing
 34848 | Vaults:3 | Received a gift from Trog
 34891 | Vaults:3 | Identified a scroll of acquirement
 34894 | Vaults:3 | Got a pair of smoking boots
 34895 | Vaults:3 | Identified the +3 pair of boots of Okawaru's Hatred {*Drain rF+ rN++ Dex+4} (You acquired it on level 3 of the Vaults)
 35120 | Vaults:3 | Found Pomu's Distillery.
 35212 | Vaults:3 | Cast into level 3 of the Abyss (a deep elf sorcerer)
 35263 | Abyss:5  | Entered Level 5 of the Abyss
 35269 | Abyss:5  | Noticed a profane servitor
 35290 | Abyss:5  | Killed a profane servitor
 35338 | Abyss:5  | Received a gift from Trog
 35428 | Vaults:3 | Escaped the Abyss
 35433 | Vaults:3 | Reached XP level 20. HP: 168/168 MP: 11/20
 35993 | Vaults:4 | Found a portal to a secret trove of treasure.
 36008 | Vaults:4 | You paid a toll of 6 potions of haste to enter a treasure trove
 36009 | Trove    | Entered a treasure trove
 36021 | Trove    | Got a crystal bardiche
 36024 | Trove    | Got a twisted glaive
 36028 | Trove    | Got a warped glaive
 36036 | Trove    | Identified the +9 glaive "Demonbane" {elec, rF+} (You found it in a treasure trove)
 36037 | Trove    | Identified the +11 glaive of Freehold {freeze, Str+6 Int+3} (You found it in a treasure trove)
 36038 | Trove    | Identified the +8 bardiche "Hellblazer" {chop, +Blink +Rage rPois Str-4} (You found it in a treasure trove)
 36205 | Vaults:4 | Received a gift from Trog
 36269 | Vaults:4 | Found a roughly hewn altar of Beogh.
 36540 | Vaults:4 | Received a gift from Trog
 36761 | Vaults:4 | Received a gift from Trog
 37387 | Snake:1  | Entered Level 1 of the Snake Pit
 37513 | Snake:1  | Received a gift from Trog
 37679 | Snake:1  | Found Fixem's Food Shop.
 39133 | Snake:2  | You fall through a shaft!
 39137 | Snake:3  | Reached XP level 21. HP: 176/176 MP: 12/21
 39163 | Snake:3  | Received a gift from Trog
 39168 | Snake:3  | Found Goschu's General Store.
 39240 | Snake:3  | Reached skill level 18 in Fighting
 39287 | Snake:3  | Received a gift from Trog
 39320 | Snake:3  | Bought a scroll of enchant armour for 82 gold pieces
 39650 | Snake:4  | Entered Level 4 of the Snake Pit
 39678 | Snake:4  | Received a gift from Trog
 39730 | Snake:4  | Noticed Saint Roka
 39749 | Snake:4  | Killed Saint Roka
 39850 | Snake:4  | Reached skill level 19 in Fighting
 39899 | Snake:4  | Received a gift from Trog
 39909 | Snake:4  | Noticed Agnes
 39924 | Snake:4  | Killed Agnes
 40320 | Snake:4  | Received a gift from Trog
 40361 | Snake:4  | Received a gift from Trog
 40790 | Snake:4  | Reached skill level 20 in Fighting
 40831 | Snake:4  | Reached XP level 22. HP: 185/190 MP: 13/22
 40911 | Snake:4  | Got a serpentine rune of Zot
 41062 | Snake:4  | Found Jefoy's Armour Shoppe.
 41497 | Depths:1 | Entered Level 1 of the Depths
 41889 | Depths:1 | Received a gift from Trog
 41961 | Depths:1 | Found a gateway to Hell.
 42088 | Depths:1 | Received a gift from Trog
 42148 | Depths:1 | Received a gift from Trog
 43175 | Depths:2 | Reached skill level 21 in Fighting
 43341 | Depths:2 | Cast into level 2 of the Abyss (an ogre mage)
 43407 | Abyss:2  | Gained mutation: Your magical capacity is low (-10% MP). [a neqoxec]
 43481 | Depths:2 | Escaped the Abyss
 43560 | Depths:2 | Received a gift from Trog
 44439 | Depths:3 | Noticed Margery
 44466 | Depths:3 | Killed Margery
 44466 | Depths:3 | Reached skill level 22 in Fighting
 44466 | Depths:3 | Reached XP level 23. HP: 64/203 MP: 11/20
 44481 | Depths:3 | Received a gift from Trog
 44736 | Depths:3 | Gained mutation: You have a pair of small horns on your head. [a shining eye]
 44791 | Depths:3 | Noticed a caustic shrike
 44791 | Depths:3 | a stone giant changed into a caustic shrike
 44792 | Depths:3 | a caustic shrike changed into a fire giant
 45168 | Depths:3 | Noticed a juggernaut
 45168 | Depths:3 | a titan changed into a juggernaut
 45170 | Depths:3 | a juggernaut changed into a titan
 45174 | Depths:3 | Noticed a juggernaut
 45174 | Depths:3 | a titan changed into a juggernaut
 45177 | Depths:3 | Noticed a shard shrike
 45177 | Depths:3 | a juggernaut changed into a shard shrike
 45180 | Depths:3 | Killed a shard shrike
 45180 | Depths:3 | Reached skill level 23 in Fighting
 45420 | Depths:3 | Got a distressingly furry cloak
 45426 | Depths:3 | Identified the +2 cloak of Paranoia {rC+ rN+ Int+2 Dex+2} (You found it on level 3 of the Depths)
 45532 | Depths:3 | Identified the Papyrus of Companions and Ice
 45930 | Depths:4 | Received a gift from Trog
 46003 | Depths:4 | Received a gift from Trog
 46039 | Depths:4 | Noticed the Enchantress
 46055 | Depths:4 | Killed the Enchantress
 46059 | Depths:4 | Got a faerie dragon armour
 46060 | Depths:4 | Identified the +2 faerie dragon armour {*Confuse +Blink Int+2 Dex+6} (You took it off the Enchantress on level 4 of the Depths)
 46172 | Depths:4 | Received a gift from Trog
 46377 | Depths:4 | Reached XP level 24. HP: 192/216 MP: 11/20
 46455 | Depths:4 | Received a gift from Trog
 46512 | Depths:4 | Reached skill level 24 in Fighting
 46658 | Depths:4 | Found a one-way gate to the infinite horrors of the Abyss.
 46712 | Depths:4 | Found Poenuf's Assorted Antiques.
 46734 | Depths:4 | Bought a scroll of enchant armour for 307 gold pieces
 46734 | Depths:4 | Bought a fuming emerald potion for 36 gold pieces
 46734 | Depths:4 | Bought a scroll of brand weapon for 820 gold pieces
 46734 | Depths:4 | Bought a scroll of brand weapon for 820 gold pieces
 46962 | Depths:5 | Entered Level 5 of the Depths
 47045 | Depths:5 | Noticed Xtahua
 47056 | Depths:5 | Killed Xtahua
 47305 | Depths:5 | Found a gate to the Realm of Zot.
 47442 | Depths:5 | Received a gift from Trog
 47553 | Depths:5 | Reached skill level 1 in Evocations
 47593 | Depths:5 | Noticed Sojobo
 47607 | Depths:5 | Killed Sojobo
 47607 | Depths:5 | Received a gift from Trog
 47770 | Depths:5 | Reached skill level 25 in Fighting
 47790 | Depths:5 | Found a gateway to a ziggurat.
 48047 | Depths:5 | Reached XP level 25. HP: 120/227 MP: 14/23
 48254 | Depths:5 | Received a gift from Trog
 48304 | Depths:5 | Got a shimmering ring mail
 48305 | Depths:5 | Identified the +1 ring mail of the Poles {rN+ Int+3 Stlth+} (You acquired it on level 5 of the Depths)
 48308 | Depths:5 | Reached XP level 26. HP: 235/235 MP: 14/23
 48689 | Elf:1    | Entered Level 1 of the Elven Halls
 48884 | Elf:1    | Received a gift from Trog
 48896 | Elf:1    | Identified Pufrid's Almanac of Sinister Secrets
 49014 | Elf:1    | Reached skill level 5 in Evocations
 49806 | Elf:2    | Found a magical portal.
 49810 | WizLab   | Entered Cigotuvi's Fleshworks
 50078 | WizLab   | Got a transparent silver ring
 50079 | WizLab   | Identified the ring of Free Will {+Inv rC+++ MR- Str-5 Dex+3} (You found it in a wizard's laboratory)
 50399 | WizLab   | Reached skill level 5 in Armour
 50417 | WizLab   | Identified Sif Muna's Tome of Shape Shifting
 50428 | WizLab   | Identified Cigotuvi's Collected Works on Ghastly Transformation
 50440 | WizLab   | Received a gift from Trog
 50647 | Elf:2    | Found Cacom's Gadget Emporium.
 50784 | Elf:2    | Gained mutation: You are somewhat resistant to further mutation. [potion of beneficial mutation]
 50786 | Elf:2    | Gained mutation: You are robust (+10% HP). [potion of beneficial mutation]
 50966 | Elf:2    | Found a huge runed gate.
 50968 | Elf:2    | Found a huge runed gate.
 50971 | Elf:2    | Found a huge runed gate.
 51531 | Elf:3    | Entered Level 3 of the Elven Halls
 51558 | Elf:3    | Reached skill level 26 in Fighting
 51621 | Elf:3    | Received a gift from Trog
 52706 | Vaults:5 | Entered Level 5 of the Vaults
 52764 | Vaults:4 | Received a gift from Trog
 52784 | Vaults:4 | Cast into level 2 of the Abyss (vault guard)
 53044 | Abyss:2  | Lost mutation: You are robust (+10% HP). [a neqoxec]
 53091 | Abyss:2  | Reached XP level 27. HP: 246/246 MP: 17/26
 53168 | Vaults:4 | Escaped the Abyss
 53188 | Vaults:4 | Received a gift from Trog
 53409 | Vaults:4 | Received a gift from Trog
 53796 | Vaults:5 | Reached skill level 27 in Fighting
 53880 | Vaults:5 | Reached skill level 10 in Evocations
 53989 | Vaults:5 | Received a gift from Trog
 54048 | Vaults:5 | Noticed an ancient lich
 54060 | Vaults:5 | Killed an ancient lich
 54433 | Vaults:5 | Got a silver rune of Zot
 54696 | Vaults:5 | Found Ofynekhle's Gadget Shoppe.
 54703 | Vaults:5 | Found Taselufa's General Store.
 54710 | Vaults:5 | Noticed an ancient lich
 54717 | Vaults:5 | Killed an ancient lich
 54717 | Vaults:5 | Reached skill level 10 in Armour
 54828 | Vaults:5 | Found Yffewnih's General Store.
 54840 | Vaults:5 | Found Feyff's Jewellery Shoppe.
 54845 | Vaults:5 | Bought the ring of Sawol {rPois MP+9 SInv} for 495 gold pieces
 55502 | Vaults:1 | Received a gift from Trog
 55872 | Slime:1  | Entered Level 1 of the Pits of Slime
 55874 | Slime:1  | Gained mutation: You occasionally shout uncontrollably at your foes. [a shining eye]
 55914 | Slime:2  | Gained mutation: You are clumsy. (Dex -2) [a shining eye]
 55924 | Slime:2  | Gained mutation: You are weak. (Str -2) [a shining eye]
 55982 | Slime:2  | Lost mutation: You have a pair of small horns on your head. [potion of cure mutation]
 55982 | Slime:2  | Lost mutation: You are weak. (Str -2) [potion of cure mutation]
 55982 | Slime:2  | Lost mutation: You are clumsy. (Dex -2) [potion of cure mutation]
 55982 | Slime:2  | Lost mutation: You occasionally shout uncontrollably at your foes. [potion of cure mutation]
 55982 | Slime:2  | Lost mutation: Your magical capacity is low (-10% MP). [potion of cure mutation]
 56069 | Slime:3  | Noticed Dissolution
 56086 | Slime:3  | Killed Dissolution
 56100 | Slime:2  | Gained mutation: Potions and wands are less effective at restoring your health. [a shining eye]
 56238 | Slime:2  | Lost mutation: You are somewhat resistant to further mutation. [potion of cure mutation]
 56238 | Slime:2  | Lost mutation: You are partially covered in large bone plates (AC +2, SH +2). [potion of cure mutation]
 56238 | Slime:2  | Lost mutation: Potions and wands are less effective at restoring your health. [potion of cure mutation]
 56255 | Slime:3  | Received a gift from Trog
 56444 | Slime:6  | Entered Level 6 of the Pits of Slime
 56509 | Slime:6  | Gained mutation: Your magical capacity is low (-10% MP). [a shining eye]
 56673 | Slime:6  | Noticed the Royal Jelly
 56682 | Slime:6  | Killed the Royal Jelly
 56736 | Slime:6  | Received a gift from Trog
 56765 | Slime:6  | Gained mutation: Your body sometimes deteriorates upon taking damage. [a shining eye]
 56767 | Slime:6  | Gained mutation: You are agile. (Dex +2) [a shining eye]
 56844 | Slime:6  | Lost mutation: You are agile. (Dex +2) [a shining eye]
 56849 | Slime:6  | Gained mutation: You expend magic power (3 MP) to strengthen your wands. [a shining eye]
 56960 | Slime:6  | Got a slimy rune of Zot
 56981 | Slime:6  | Got a jewelled trident
 57043 | Slime:6  | Got a twitching tin ring
 57044 | Slime:6  | Identified the ring "Ycvafuv" {rPois rN+ Dex+3} (You found it on level 6 of the Pits of Slime)
 57692 | Crypt:1  | Entered Level 1 of the Crypt
 58747 | Crypt:2  | Received a gift from Trog
 59200 | Crypt:3  | Entered Level 3 of the Crypt
 59441 | Crypt:3  | Got a brightly glowing helmet
 59442 | Crypt:3  | Identified the +1 helmet of the Swamp {+Blink rC+} (You found it on level 3 of the Crypt)
 59471 | Crypt:3  | Noticed Wiglaf
 59472 | Crypt:3  | Found a staircase to the Tomb.
 59486 | Crypt:3  | Killed Wiglaf
 59764 | Crypt:3  | Paralysed by a vampire knight for 6 turns
 59766 | Crypt:3  | HP: 2/246 [vampire knight/war axe (18)]
 59767 | Crypt:3  | Slain by a vampire knight

Skill      XL: |  1  2  3  4  5  6  7  8  9 10 11 12 13 14 15 16 17 18 19 20 21 22 23 24 25 26 27 |
---------------+----------------------------------------------------------------------------------+-----
Polearms       | 5 6 8 10 12 15 16 18 21 24 25 26 | 26.0
Dodging        | 6 10 12 13 14 15 17 18 20 21 22 23 24 25 26 | 26.3
Fighting       | 5 6 10 12 14 17 20 22 23 25 26 27 | 27.0
Throwing       | 2 5 10 13 16 18 | 18.2
Evocations     | 4 8 14 | 14.3
Armour         | 4 6 14 | 14.0

Action                   |  1- 3 |  4- 6 |  7- 9 | 10-12 | 13-15 | 16-18 | 19-21 | 22-24 | 25-27 || total
-------------------------+-------+-------+-------+-------+-------+-------+-------+-------+-------++-------
Melee: Spear             |   136 |   139 |   531 |       |       |       |       |       |       ||   806
       Halberd           |       |       |    82 |   252 |       |   205 |       |       |       ||   539
       Bardiche          |       |       |       |   338 |  1009 |  1108 |  1443 |  1743 |  2304 ||  7945
       Tailslap          |       |       |       |     2 |    18 |    45 |       |     5 |       ||    70
       Glaive            |       |       |       |       |       |     2 |       |       |       ||     2
       Headbutt          |       |       |       |       |       |       |       |   288 |   417 ||   705
Throw: Javelin           |       |       |       |     3 |       |     4 |       |     4 |     9 ||    20
Invok: Berserk           |       |     3 |    14 |    10 |     7 |     7 |     5 |     3 |     5 ||    54
       Trog's Hand       |       |     1 |     2 |     1 |     1 |     1 |     4 |     2 |     3 ||    15
       Burn Spellbooks   |       |       |     1 |     3 |     4 |     3 |     1 |     5 |     5 ||    22
       Brothers in Arms  |       |       |       |     1 |     2 |     3 |     3 |     1 |     2 ||    12
Evoke: Wand              |       |       |       |       |       |     2 |     3 |     6 |     8 ||    19
  Use: Potion            |       |     2 |       |       |     1 |     4 |       |     2 |     9 ||    18
       Scroll            |       |     3 |     6 |    14 |    19 |    11 |    10 |     9 |    15 ||    87
 Stab: Sleeping          |     1 |     2 |     6 |    10 |    11 |     3 |     3 |     2 |    10 ||    48
       Held in net/web   |       |       |     1 |       |       |       |       |       |       ||     1
       Distracted        |       |       |       |     6 |     3 |       |     5 |     5 |    11 ||    30
       Petrified         |       |       |       |       |     4 |       |       |       |       ||     4
       Petrifying        |       |       |       |       |     1 |       |       |       |       ||     1
  Eat: Chunk             |       |     7 |    25 |    28 |    34 |    36 |    25 |    15 |    26 ||   196
       Bread ration      |       |     1 |       |       |       |       |       |     3 |     3 ||     7
       Beef jerky        |       |       |     2 |     1 |       |     2 |     1 |     2 |       ||     8
       Fruit             |       |       |       |     3 |       |       |     1 |       |       ||     4
       Pizza             |       |       |       |     1 |     1 |       |       |       |     3 ||     5
       Meat ration       |       |       |       |       |       |     1 |       |       |       ||     1
       Royal jelly       |       |       |       |       |       |       |     1 |     1 |     1 ||     3
Armor: Leather armour    |    12 |    24 |    72 |    94 |    90 |       |       |       |       ||   292
       Skin              |       |    15 |       |       |     1 |       |       |       |       ||    16
       Troll leather arm |       |       |       |       |    20 |   102 |   116 |   150 |   228 ||   616
Dodge: Dodged            |    47 |    44 |   147 |   669 |   926 |   916 |  1164 |  1519 |  2277 ||  7709
Block: Other             |       |       |       |       |    24 |   260 |   337 |   362 |   493 ||  1476
       Reflection        |       |       |       |       |     1 |    14 |    35 |    27 |    40 ||   117
